 Dungeon Crawl Stone Soup version 0.27-a0-93-g19769c27d7 (webtiles) character file.

Game seed: 2215791783000894361

103 Viens1 the Magician (level 4, -11/24 HPs)
             Began as a Deep Elf Air Elementalist on Jan 17, 2021.
             Mangled by a gnoll
             ... wielding a +0 flail of protection
              (15 damage)
             ... on level 3 of the Dungeon.
             The game lasted 00:03:42 (2397 turns).

Viens1 the Magician (Deep Elf Air Elementalist)     Turns: 2397, Time: 00:03:42

Health: -11/24     AC:  2    Str:  5    XL:     4   Next: 51%
Magic:  1/12       EV: 13    Int: 21    God:
Gold:   67         SH:  0    Dex: 15    Spells: 10/11 levels left

rFire    . . .     SeeInvis .   c - +0 dagger
rCold    . . .     Faith    .   (no shield)
rNeg     . . .     Spirit   .   a - +0 robe
rPois    .         Reflect  .   (no helmet)
rElec    .         Harm     .   (no cloak)
rCorr    .         Rampage  .   (no gloves)
Will     .....                  (no boots)
Stlth    ++........             (no amulet)
HPRegen  0.08/turn              (no ring)
MPRegen  0.13/turn              (no ring)

@: no status effects
A: no striking features
a: no special abilities


You were on level 3 of the Dungeon.
You visited 1 branch of the dungeon, and saw 3 of its levels.

You collected 67 gold pieces.

Inventory:

Hand Weapons
 c - a +0 dagger (weapon)
Armour
 a - a +0 robe (worn)
Scrolls
 b - 2 scrolls of teleportation {unknown}
 d - 2 scrolls of enchant weapon {unknown}
 e - 2 scrolls of remove curse {unknown}
 f - a scroll of magic mapping {unknown}
Potions
 g - a potion of ambrosia {unknown}


   Skills:
 + Level 0.6 Fighting
 + Level 0.2 Short Blades
 - Level 2.4 Dodging
 - Level 2.4 Stealth
 + Level 4.3 Spellcasting
 + Level 2.4 Conjurations
 + Level 4.0 Air Magic


You had 10 spell levels left.
You knew the following spells:

 Your Spells              Type           Power        Failure   Level
a - Shock                 Conj/Air       72%          3%          1

Your spell library contained the following spells:

 Spells                   Type           Power        Failure   Level
 Swiftness                Air            21%          3%          2
 Static Discharge         Conj/Air       18%          10%         3
 Airstrike                Air            10%          22%         4
 Lightning Bolt           Conj/Air       9%           65%         5


Dungeon Overview and Level Annotations

Branches:
Dungeon (3/15)

Altars:

Annotations:
D:2 Terence


Message History

The gnoll is almost dead.
The gnoll closely misses you.
You barely miss the gnoll.
The gnoll is almost dead.
The gnoll hits you with a +0 flail of protection!
* * * LOW HITPOINT WARNING * * *
There is an open door here.
Casting: Shock (safe; 3% risk of failure)
Confirm with . or Enter, or press ? or * to list all spells.
Aiming: Shock (safe; 3% risk of failure)
Press: ? - help, Shift-Dir - straight line, f/p - gnoll
Aim: a gnoll, wielding a +0 flail of protection (almost dead, 25% to evade)
The zap hits the gnoll.
The gnoll is almost dead.
Unknown command.
You closely miss the gnoll.
The gnoll is almost dead.
The gnoll hits you with a +0 flail of protection!
Ouch! That really hurt!
You die...

#)#..#.####.#...#
#.#..#.####.#...#
#.#.†#.....>#...#
####'#.....#####...#
#..........'.......#
#.....#....#########
#.....#....'..>...
#...g.##...#######
#...@.##...#
####+###...# #...#
#...# #...# .....


You could see a gnoll.

Vanquished Creatures
  3 gnolls (D:3)
  An adder (D:2)
  A white imp (D:3)
  2 oozes (D:1)
  A worm (D:2)
  4 orcs (D:3)
  3 bats
  A giant cockroach (D:3)
  3 goblins
  4 hobgoblins
  8 jackals
  5 kobolds
  5 rats (D:1)
41 creatures vanquished.

Notes
Turn   | Place    | Note
-------+----------+-------------------------------------------
     0 | D:1      | Viens1 the Deep Elf Air Elementalist began the quest for
                  | the Orb.
     0 | D:1      | Reached XP level 1. HP: 10/10 MP: 6/6
   552 | D:1      | Reached XP level 2. HP: 15/15 MP: 0/8
  1113 | D:1      | Reached XP level 3. HP: 11/20 MP: 2/10
  1685 | D:2      | Noticed Terence
  2280 | D:3      | Reached XP level 4. HP: 24/24 MP: 7/12
  2397 | D:3      | Mangled by a gnoll

Illustrated notes

Levels and vault maps discovered:
D:1:      saegor_arrival_simple_d, layout_basic
D:2:      layout_loops_ring, uniq_terence
D:3:      cheibrodos_thug_alley, layout_basic

Skill      XL: |  1  2  3  4 |
---------------+-------------+-----
Conjurations   | 2 |  2.4
Spellcasting   | 4 |  4.3
Air Magic      | 4 |  4.0
Fighting       | |  0.6
Short Blades   | |  0.2
Dodging        | |  2.4
Stealth        | |  2.4

Action                   |  1- 3 |  4- 6 || total
-------------------------+-------+-------++-------
Melee: Dagger            |     7 |     2 ||     9
 Cast: Shock             |    91 |    16 ||   107
Armor: Robe              |     4 |       ||     4
Dodge: Dodged            |    27 |     3 ||    30

Table legend: (Time is in decaauts)
 A = Elapsed time spent in this place.
 B = Non-inter-level travel time spent in this place.
 C = Inter-level travel time spent in this place.
 D = Time resting spent in this place.
 E = Time spent auto-exploring this place.
 F = Levels seen in this place.
 G = Mean time per level.
                   A        B        C        D        E       F      G
               +--------+--------+--------+--------+--------+-----+--------+
         Total |   2397 |   2393 |      4 |      0 |   2029 |   3 |  799.0 |
       Dungeon |   2397 |   2393 |      4 |      0 |   2029 |   3 |  799.0 |
               +--------+--------+--------+--------+--------+-----+--------+

Top non-repeatable levels by time:
     D:1: 1593 daAuts
     D:2: 607 daAuts
     D:3: 195 daAuts
